 Dungeon Crawl Stone Soup version 0.20.1-1-g8b1a95d (webtiles) character file.

61 McKennaii the Insei (level 4, 0/28 HPs)
             Began as an Octopode Transmuter on Aug 10, 2017.
             Slain by a gnoll
             ... wielding a +0 spear
              (6 damage)
             ... on level 2 of the Dungeon.
             The game lasted 00:00:56 (991 turns).

McKennaii the Insei (Octopode Transmuter)            Turns: 991, Time: 00:00:57

Health: 0/28       AC:  1    Str:  9    XL:     4   Next: 7%
Magic:  4/7        EV: 13    Int: 16    God:
Gold:   91         SH:  0    Dex: 12    Spells: 1/7 levels left

rFire    . . .     SeeInvis .     - Unarmed
rCold    . . .     Gourm    .   (no shield)
rNeg     . . .     Faith    .   (helmet restricted)
rPois    .         Spirit   .   (no amulet)
rElec    .         Reflect  .   (no ring)
rCorr    .         Harm     .   (no ring)
MR       .....                  (no ring)
Stlth    +++.......             (no ring)
Regen    0.1/turn               (no ring)
MPRegen  0.1/turn               (no ring)
                                (no ring)
                                (no ring)

@: no status effects
A: almost no armour, stealthy swim, amphibious, 8 rings, constrict 8, camouflage
1, gelatinous body 1
a: no special abilities


You were on level 2 of the Dungeon.
You were not hungry.

You visited 1 branch of the dungeon, and saw 2 of its levels.

You collected 91 gold pieces.

Inventory:

Missiles
 a - 12 arrows
Jewellery
 f - an uncursed ring of fire
Scrolls
 d - a scroll of remove curse {unknown}
 e - 2 scrolls of enchant armour {unknown}
 j - 3 scrolls of recharging {unknown}
Potions
 g - a potion of haste {unknown}
 i - a potion of berserk rage {unknown}
Books
 b - a book of Changes

   Spells                             Type                      Level
   a - Beastly Appendage              Transmutation                1
   b - Sticks to Snakes               Transmutation                2
   c - Spider Form                    Transmutation/Poison         3
   d - Ice Form                       Ice/Transmutation            4
   e - Blade Hands                    Transmutation                5
Comestibles
 c - 2 bread rations
 h - a meat ration


   Skills:
 + Level 1.0 Fighting
 + Level 2.4 Dodging
 + Level 2.8 Stealth
 + Level 3.7 Unarmed Combat
 + Level 2.2 Spellcasting
 + Level 2.0 Transmutations


You had one spell level left.
You knew the following spells:

 Your Spells              Type           Power        Failure   Level  Hunger
a - Beastly Appendage     Tmut           #.....       9%          1    #......
b - Sticks to Snakes      Tmut           #.......     13%         2    ###....
c - Spider Form           Tmut/Pois      #.........   36%         3    ###....


Dungeon Overview and Level Annotations

Branches:
Dungeon (2/15)

Altars:


Innate Abilities, Weirdness & Mutations

You cannot wear most types of armour.
You are very stealthy in the water. (Stealth+)
You are amphibious.
You can wear up to eight rings at the same time.
You can use your tentacles to constrict eight enemies at once.
Your skin changes colour to match your surroundings (Stealth+).
Your rubbery body absorbs attacks. (AC +1, EV +1)


Message History

The gnoll barely misses you. The gnoll hits you with a spear.
Things that are here:
a halberd; a gnoll corpse You closely miss the gnoll.
Your transformation has ended.
The gnoll barely misses you.
You tentacle-slap the gnoll. Your grab misses the gnoll.
The gnoll is lightly wounded.
The gnoll hits you with a spear!
You closely miss the gnoll. Your grab misses the gnoll.
The gnoll is lightly wounded.
You closely miss the gnoll. You grab the gnoll. You squeeze the gnoll.
The gnoll is moderately wounded.
You constrict the gnoll. The gnoll hits you with a spear!
* * * LOW HITPOINT WARNING * * *
You tentacle-slap the gnoll.
The gnoll is severely wounded.
You constrict the gnoll. The gnoll hits you with a spear.
You die...

#############..#
#.....)!@g......
#.#######..>...#
#.# .?....# #.#
....... #.#
....#.$ #.#
%#.## # #.# .#.#
#.# .#.# #.#


You could see a gnoll.

Vanquished Creatures
  3 gnolls (D:2)
  An adder (D:2)
  3 goblins
  3 hobgoblins
  4 kobolds
  8 bats
  2 rats (D:1)
24 creatures vanquished.

Notes
Turn   | Place    | Note
-------+----------+-------------------------------------------
     0 | D:1      | McKennaii the Octopode Transmuter began the quest for the Orb.
     0 | D:1      | Reached XP level 1. HP: 13/13 MP: 3/3
   343 | D:1      | Reached skill level 1 in Stealth
   343 | D:1      | Reached XP level 2. HP: 18/18 MP: 5/5
   880 | D:2      | Reached XP level 3. HP: 23/23 MP: 6/6
   899 | D:2      | Learned a level 2 spell: Sticks to Snakes
   903 | D:2      | Learned a level 3 spell: Spider Form
   985 | D:2      | Reached XP level 4. HP: 27/28 MP: 3/7
   991 | D:2      | Slain by a gnoll

Skill      XL: |  1  2 |
---------------+-------+-----
Stealth        | 1 2 |  2.8
Fighting       | |  1.0
Dodging        | |  2.4
Unarmed Combat | |  3.7
Spellcasting   | |  2.2
Transmutations | |  2.0

Action                   |  1- 3 |  4- 6 || total
-------------------------+-------+-------++-------
Melee: Unarmed           |    58 |     5 ||    63
       Constrict         |     9 |     1 ||    10
       Tentacles         |     7 |     1 ||     8
       Punch             |     1 |       ||     1
 Cast: Spider Form       |     1 |       ||     1
 Stab: Sleeping          |     7 |       ||     7
Armor: Skin              |    10 |       ||    10
Dodge: Dodged            |    47 |     2 ||    49
